 Dungeon Crawl Stone Soup version 0.23-b1-70-gd12f7cf (webtiles) character file.

Game seed: 10436024190659277733

861 dvd the Vexing (level 8, -3/60 HPs)
             Began as a Gnoll Arcane Marksman on Feb 6, 2019.
             Killed from afar by Ijyb (20 damage)
             ... with a wand of acid (9)
             ... on level 5 of the Dungeon.
             The game lasted 00:17:14 (5685 turns).

dvd the Vexing (Gnoll Arcane Marksman)              Turns: 5685, Time: 00:17:15

Health: -3/60      AC:  4    Str: 17    XL:     8   Next: 2%
Magic:  14/14      EV: 15    Int: 15    God:
Gold:   290        SH:  0    Dex: 17    Spells: 8/15 levels left

rFire    . . .     SeeInvis .   w - +2 flail (protect)
rCold    . . .     Gourm    .   (no shield)
rNeg     . . .     Faith    .   t - +0 leather armour
rPois    .         Spirit   .   c - +0 helmet
rElec    .         Reflect  .   (no cloak)
rCorr    .         Harm     .   (no gloves)
MR       .....                  (no boots)
Stlth    ++........             (no amulet)
HPRegen  0.20/turn              i - +3 ring of strength
MPRegen  0.14/turn              D - ring of wizardry

@: no status effects
A: distributed training, fangs 1, strong nose
a: no special abilities


You were on level 5 of the Dungeon.
You were not hungry.

You visited 1 branch of the dungeon, and saw 5 of its levels.

You collected 290 gold pieces.

Inventory:

Hand Weapons
 d - a +2 vampiric whip
 l - a +0 trident
 r - a +0 battleaxe
 w - a +2 flail of protection (weapon)
 C - a +0 short sword of speed
Missiles
 e - 2 javelins
 z - a tomahawk of returning (quivered)
 B - 4 tomahawks
Armour
 a - a +0 robe
 c - a +0 helmet (worn)
 n - a +0 scale mail
 p - a +0 chain mail
 t - a +0 leather armour (worn)
Jewellery
 i - a +3 ring of strength (left hand)
 D - a ring of wizardry (right hand)
Wands
 y - a wand of polymorph (3)
Scrolls
 b - 2 scrolls of remove curse {unknown}
 h - 6 scrolls of identify {unknown}
 j - 6 scrolls of teleportation {unknown}
 m - 2 scrolls of enchant armour {unknown}
 q - 3 scrolls of immolation {unknown}
 s - a scroll of enchant weapon {unknown}
 u - 3 scrolls of blinking {unknown}
 x - 2 scrolls of magic mapping {unknown}
 E - a scroll of fear {unknown}
 H - a scroll of torment {unknown}
Potions
 g - a potion of heal wounds
 k - 2 potions of might {unknown}
 o - a potion of flight
 v - a potion of mutation {unknown}
 A - 3 potions of curing {unknown}
 G - 2 potions of degeneration {unknown}
Comestibles
 f - 5 rations
 F - 7 chunks of flesh


   Skills:
 + Level 3.9 Fighting
 + Level 2.8 Short Blades
 + Level 2.8 Long Blades
 + Level 2.8 Axes
 + Level 2.8 Maces & Flails
 + Level 2.8 Polearms
 + Level 2.8 Staves
 + Level 2.8 Slings
 + Level 2.8 Bows
 + Level 2.8 Crossbows
 + Level 5.4 Throwing
 + Level 2.8 Armour
 + Level 5.4 Dodging
 + Level 2.8 Stealth
 + Level 2.8 Shields
 + Level 2.8 Unarmed Combat
 + Level 4.0 Spellcasting
 + Level 2.3 Conjurations
 + Level 5.9 Hexes
 + Level 2.3 Charms
 + Level 2.3 Summonings
 + Level 2.3 Necromancy
 + Level 2.3 Translocations
 + Level 2.3 Transmutations
 + Level 2.3 Fire Magic
 + Level 2.3 Ice Magic
 + Level 2.3 Air Magic
 + Level 2.3 Earth Magic
 + Level 2.3 Poison Magic
 + Level 3.1 Invocations
 + Level 2.8 Evocations


You had 8 spell levels left.
You knew the following spells:

 Your Spells              Type           Power        Failure   Level  Hunger
a - Corona                Hex            ###....      1%          1    None
b - Slow                  Hex            ###.....     1%          2    ##.....
c - Cause Fear            Hex            ###.......   8%          4    ####...

Your spell library contained the following spells:

 Spells                   Type           Power        Failure   Level  Hunger
 Inner Flame              Hex/Fire       ###.....     4%          3    ###....
 Portal Projectile        Hex/Tloc       ###...       4%          3    ###....
 Leda's Liquefaction      Hex/Erth       ###.......   16%         4    ####...


Dungeon Overview and Level Annotations

Branches:
Dungeon (5/15)
 Temple: D:4-7

Altars:
Qazlal

Annotations:
D:5 Ijyb


Innate Abilities, Weirdness & Mutations

Your experience applies equally to all skills.
You have very sharp teeth.
Your uncanny sense of smell can sniff out nearby items.


Message History

You open the door.
An orc and Ijyb come into view.
Found 9 gold pieces and a glowing black potion.
An orc priest and an orc wizard come into view.
The orc priest shouts!
The orc shouts!
The orc priest casts a cantrip, but nothing happens.
The orc wizard shouts!
Ijyb shouts!
Found 20 sling bullets.
Found a stone staircase leading up.
There is an open door here.
Ijyb hits you but does no damage.
The orc priest calls down the wrath of Beogh upon you.
Beogh smites you!
Unknown command.
The orc hits you but does no damage. Ijyb closely misses you.
There is an open door here.
Ijyb closely misses you.
Ijyb zaps a wand.
The bolt of acid hits you!!
You are splashed with acid!
* * * LOW HITPOINT WARNING * * *
Ijyb zaps a wand.
The bolt of acid hits you!!
You die...

. ..
###+###+########...
...................
.......o..!........
(.......o..........
......o.g..@..<....
######'########### ∆
#...........#
#...........
###..###..#
##..###..####+#####
#.................#
#.................# .
#.................#..


You could see Ijyb, an orc priest, an orc wizard and an orc.

Vanquished Creatures
  Eustachio (D:4)
  An ogre (D:4)
  A scorpion (D:4)
  A howler monkey (D:3)
  A jelly (D:5)
  An orc wizard (D:5)
  3 orc priests
  Terence (D:3)
  Jessica (D:3)
  Natasha (thrice) (D:3)
  An iguana (D:4)
  2 worker ants (D:4)
  6 adders
  A gnoll (D:1)
  A shadow imp (D:5)
  4 worms
  3 dart slugs
  4 leopard geckos
  17 orcs
  2 ball pythons
  3 giant cockroaches
  13 goblins
  5 hobgoblins
  18 jackals
  3 quokkas
  7 bats
  2 frilled lizards
  7 kobolds
  7 rats
120 creatures vanquished.

Notes
Turn   | Place    | Note
-------+----------+-------------------------------------------
     0 | D:1      | dvd the Gnoll Arcane Marksman began the quest for the Orb.
     0 | D:1      | Reached XP level 1. HP: 17/17 MP: 4/4
   252 | D:1      | Reached XP level 2. HP: 6/23 MP: 5/5
   919 | D:1      | Learned a level 2 spell: Slow
  1209 | D:1      | Reached XP level 3. HP: 27/28 MP: 4/7
  1384 | D:2      | Reached skill level 1 in Invocations
  1580 | D:2      | Reached skill level 1 in Short Blades
  1580 | D:2      | Reached skill level 1 in Long Blades
  1580 | D:2      | Reached skill level 1 in Axes
  1580 | D:2      | Reached skill level 1 in Maces & Flails
  1580 | D:2      | Reached skill level 1 in Polearms
  1580 | D:2      | Reached skill level 1 in Staves
  1580 | D:2      | Reached skill level 1 in Slings
  1580 | D:2      | Reached skill level 1 in Bows
  1580 | D:2      | Reached skill level 1 in Crossbows
  1580 | D:2      | Reached skill level 1 in Armour
  1580 | D:2      | Reached skill level 1 in Stealth
  1580 | D:2      | Reached skill level 1 in Shields
  1580 | D:2      | Reached skill level 1 in Unarmed Combat
  1580 | D:2      | Reached skill level 1 in Evocations
  1602 | D:2      | Reached XP level 4. HP: 29/34 MP: 2/8
  2499 | D:3      | Noticed Terence
  2554 | D:3      | Killed Terence
  2554 | D:3      | Reached skill level 1 in Conjurations
  2554 | D:3      | Reached skill level 1 in Charms
  2554 | D:3      | Reached skill level 1 in Summonings
  2554 | D:3      | Reached skill level 1 in Necromancy
  2554 | D:3      | Reached skill level 1 in Translocations
  2554 | D:3      | Reached skill level 1 in Transmutations
  2554 | D:3      | Reached skill level 1 in Fire Magic
  2554 | D:3      | Reached skill level 1 in Ice Magic
  2554 | D:3      | Reached skill level 1 in Air Magic
  2554 | D:3      | Reached skill level 1 in Earth Magic
  2554 | D:3      | Reached skill level 1 in Poison Magic
  2554 | D:3      | Reached XP level 5. HP: 34/40 MP: 7/9
  2756 | D:3      | Noticed Natasha
  2777 | D:3      | Killed Natasha
  3087 | D:3      | Noticed Natasha
  3102 | D:3      | Killed Natasha
  3162 | D:3      | Noticed Natasha
  3183 | D:3      | Killed Natasha
  3183 | D:3      | Reached XP level 6. HP: 12/47 MP: 5/10
  3412 | D:3      | Noticed Jessica
  3445 | D:3      | Killed Jessica
  3608 | D:3      | HP: 3/70 [poisoned by an adder]
  3613 | D:3      | HP: 2/70 [poisoned by an adder]
  3620 | D:3      | HP: 2/70 [poisoned by an adder]
  3628 | D:3      | HP: 1/70 [poisoned by an adder]
  4051 | D:3      | Reached skill level 5 in Throwing
  4051 | D:3      | Reached skill level 5 in Dodging
  4615 | D:4      | Reached XP level 7. HP: 39/52 MP: 5/12
  4818 | D:4      | Noticed Eustachio
  4835 | D:4      | Killed Eustachio
  4844 | D:4      | Learned a level 4 spell: Cause Fear
  5052 | D:4      | Found a stormy altar of Qazlal.
  5235 | D:5      | Entered Level 5 of the Dungeon
  5411 | D:5      | Reached XP level 8. HP: 52/60 MP: 4/14
  5678 | D:5      | Noticed Ijyb
  5685 | D:5      | Killed from afar by Ijyb

Skill      XL: |  1  2  3  4  5  6  7 |
---------------+----------------------+-----
Invocations    | 1 2 3 |  3.1
Short Blades   | 1 2 |  2.8
Long Blades    | 1 2 |  2.8
Axes           | 1 2 |  2.8
Maces & Flails | 1 2 |  2.8
Polearms       | 1 2 |  2.8
Staves         | 1 2 |  2.8
Slings         | 1 2 |  2.8
Bows           | 1 2 |  2.8
Crossbows      | 1 2 |  2.8
Armour         | 1 2 |  2.8
Stealth        | 1 2 |  2.8
Shields        | 1 2 |  2.8
Unarmed Combat | 1 2 |  2.8
Evocations     | 1 2 |  2.8
Spellcasting   | 3 4 |  4.0
Conjurations   | 1 2 |  2.3
Charms         | 1 2 |  2.3
Summonings     | 1 2 |  2.3
Necromancy     | 1 2 |  2.3
Translocations | 1 2 |  2.3
Transmutations | 1 2 |  2.3
Fire Magic     | 1 2 |  2.3
Ice Magic      | 1 2 |  2.3
Air Magic      | 1 2 |  2.3
Earth Magic    | 1 2 |  2.3
Poison Magic   | 1 2 |  2.3
Fighting       | 3 |  3.9
Throwing       | 5 |  5.4
Dodging        | 5 |  5.4
Hexes          | |  5.9

Action                   |  1- 3 |  4- 6 |  7- 9 || total
-------------------------+-------+-------+-------++-------
Melee: Dagger            |    14 |       |       ||    14
       Unarmed           |    13 |       |       ||    13
       Bite              |    16 |    27 |     5 ||    48
       Club              |    14 |       |       ||    14
       Spear             |    64 |   103 |       ||   167
       Short sword       |       |    40 |       ||    40
       Punch             |       |     4 |     2 ||     6
       Flail             |       |   148 |    55 ||   203
Throw: Javelin           |    29 |     9 |       ||    38
       Throwing net      |     5 |       |       ||     5
       Tomahawk          |       |     7 |    14 ||    21
 Cast: Corona            |     5 |     7 |       ||    12
       Slow              |     8 |    24 |    17 ||    49
  Use: Potion            |       |     3 |       ||     3
 Stab: Sleeping          |     2 |     2 |     1 ||     5
  Eat: Chunk             |     3 |    11 |     4 ||    18
Armor: Robe              |     2 |       |       ||     2
       Scale mail        |    13 |    61 |       ||    74
       Leather armour    |       |    72 |    16 ||    88
Dodge: Dodged            |    57 |   266 |    68 ||   391
